 Dungeon Crawl Stone Soup version 0.30-a0-170-g85af917532 (webtiles) character file.

Game seed: 5602919570858876840

12112 qw the Cleaver (level 11, -1/69 HPs)
             Began as a Gargoyle Fighter on Sept 30, 2022.
             Was a High Priest of Okawaru.
             Slain by a manticore (17 damage)
             ... on level 10 of the Dungeon.
             The game lasted 00:04:27 (10642 turns).

qw the Cleaver (Gargoyle Fighter)                  Turns: 10642, Time: 00:04:27

Health: -1/69      AC: 28    Str: 20    XL:     11   Next: 88%
Magic:  16/16      EV:  7    Int:  9    God:    Okawaru [*****.]
Gold:   340        SH: 12    Dex:  7    Spells: 10/10 levels left

rFire   + . .      SeeInvis .    Y - +3 war axe (flame)
rCold   + . .      Faith    .    g - +0 kite shield
rNeg    + . .      Spirit   .    l - +0 plate armour
rPois   inf        Reflect  .    q - +0 helmet
rElec   +          Harm     .    j - scarf {rC+ rF+}
rCorr   .          Rampage  .    s - +2 pair of gloves "Xami" {+Blink rElec Str-4}
Will    .....                    (no boots)
Stlth   ..........               n - amulet of regeneration
HPRegen 1.01/turn                (no ring)
MPRegen 0.15/turn                (no ring)

@: about to teleport, heroic, spiked
A: sickness immunity, AC +8, negative energy resistance 1, electricity
resistance, torment resistance 1, petrification resistance, clumsy 1
a: Renounce Religion, Evoke Blink, Heroism, Finesse, Duel


You were on level 10 of the Dungeon.
You worshipped Okawaru.
Okawaru was extremely pleased with you.
You visited 2 branches of the dungeon, and saw 11 of its levels.

You collected 742 gold pieces.
You spent 402 gold pieces at shops.


Innate Abilities, Weirdness & Mutations

You are immune to sickness and miasma.
Your stone body is resilient. (AC +8)
You are immune to poison.
You resist negative energy. (rN+)
You are resistant to electric shocks. (rElec)
You are resistant to unholy torment.
You are immune to petrification.
You are clumsy. (Dex -2)


   Skills:
 - Level 8.4(13.4) Fighting
 - Level 11.0(16.0) Axes
 - Level 3.0(8.0) Throwing
 - Level 7.4(12.4) Armour
 - Level 1.0(6.0) Dodging
 + Level 9.6(14.6) Shields
 + Level 7.0 Invocations


You had 10 spell levels left.
You didn't know any spells.
Your spell library was empty.

Inventory:

Hand Weapons
 Y - a +3 war axe of flaming (weapon)
Missiles
 b - a boomerang of dispersal
 o - 15 boomerangs
 p - 4 javelins (quivered)
Armour
 c - a +1 chain mail of cold resistance
 f - the +1 scale mail "Gumill" {rF++ Will- SInv}
   (You bought it in a shop on level 8 of the Dungeon)

   rF:        It greatly protects you from fire.
   SInv:      It lets you see invisible.
   Will:      It decreases your willpower.
 g - a +0 kite shield (worn)
 h - the +1 ring mail of the Final Seers {rCorr Str+5}
   (You found it on level 2 of the Dungeon)

   Str:       It affects your strength (+5).
   rCorr:     It protects you from acid and corrosion.
 j - a scarf of resistance (worn)
 l - a +0 plate armour (worn)
 m - a +2 cloak
 q - a +0 helmet (worn)
 s - the +2 pair of gloves "Xami" (worn) {+Blink rElec Str-4}
   (You found it on level 2 of the Dungeon)

   Str:       It affects your strength (-4).
   rElec:     It insulates you from electricity.
   +Blink:    It lets you blink.
Jewellery
 n - an amulet of regeneration (around neck)
Scrolls
 a - a scroll of identify
 r - 2 scrolls of teleportation
Potions
 d - 2 potions of might
 e - a potion of lignification
 i - 7 potions of curing
 k - 2 potions of attraction
 t - 4 potions of mutation
 u - a potion of haste

Dungeon Overview and Level Annotations

Branches:
Dungeon (10/15)            Temple (1/1) D:6             Orc (0/2) D:9
   Lair: D:8-11

Altars:
Ashenzari
Cheibriados
Dithmenos
Elyvilon
Fedhas
Gozag
Hepliaklqana
Kikubaaqudgha
Makhleb
Nemelex Xobeh
Okawaru
Qazlal
Ru
Sif Muna
Trog
Uskayaw
Vehumet
Wu Jian
Xom
Yredelemnul
Zin
The Shining One

Shops:
D:4 *   D:8 (:[=

Annotations:
D:3 1 runed translucent door, Crazy Yiuf


Message History

The red ugly thing is heavily wounded.
You closely miss the red ugly thing.
The red ugly thing is heavily wounded.
The red ugly thing punches you but does no damage.
You slash the red ugly thing!
The red ugly thing is severely wounded.
The red ugly thing punches you but does no damage.
You slash the red ugly thing! You burn the red ugly thing.
The red ugly thing is almost dead.
The red ugly thing punches you!
You are engulfed in flames!
You resist.
You barely miss the red ugly thing.
The red ugly thing is almost dead.
The red ugly thing punches you but does no damage.
The forest fire spreads!
You hit the red ugly thing.
The red ugly thing is almost dead.
The forest fire spreads!
You slice the red ugly thing!! You burn the red ugly thing.
You kill the red ugly thing!
Okawaru accepts your kill.
The manticore flicks its tail.
The volley of spikes hits you!
The barbed spikes become lodged in your body.
Your Invocations skill increases to level 7!
The barbs in your skin will harm you if you move.
Continue?
The barbed spikes dig painfully into your body as you move.
The manticore bites you but does no damage.
The manticore barely misses you.
The manticore claws you but does no damage.
Items here: %% ( ))))) [[.
10641 ||| READING 3 scrolls of teleportation.
As you read the scroll of teleportation, it crumbles to dust.
You feel strangely unstable.
The manticore bites you but does no damage.
The manticore completely misses you.
The manticore claws you but does no damage.
You hit the manticore. You burn the manticore.
The manticore is lightly wounded.
The manticore bites you!
You die...

# 7.77#...# #...P7#...#
#.7~.7#...# #..~.7#...#
7P~.7#...# . 7..7#...#
..
7..77#777.7#...###+#...
7..yH@).(.............
7..7#7.777#))..#####..
7. 7.00¤#.%..#
#..7¤.#....#
#.~00¤#....#
#.~~.7#....#
#.~~77#..>.# #7..7
#....####
#######........


You could see a manticore and a killer bee.

Vanquished Creatures
  3 centaur warriors (D:8)
  2 two-headed ogres
  Pikel (D:5)
  2 deep elf pyromancers
  A cyclops (D:8)
  An ugly thing (D:10)
  A troll (D:8)
  A hornet (D:8)
  Prince Ribbit (D:5)
  A wyvern (D:9)
  8 yaks
  A basilisk (D:8)
  Menkaure (D:4)
  4 ice beasts
  5 orc warriors
  5 black bears
  2 sky beasts
  An ogre (D:4)
  2 lemures (D:5)
  3 centaurs
  2 kobold brigands
  Blork the orc (D:5)
  A gnoll sergeant (D:7)
  7 bullfrogs
  2 scorpions
  A wight (D:8)
  16 killer bees
  7 howler monkeys
  7 hounds
  14 orc priests
  A gnoll bouda (D:7)
  3 iguanas (D:5)
  19 orc wizards
  3 gnolls (D:7)
  6 adders
  A shadow imp (D:7)
  A white imp (D:8)
  3 ufetubi (D:7)
  4 worms
  65 orcs
  3 endoplasms
  2 giant cockroaches
  11 goblins
  7 hobgoblins
  3 jackals (D:3)
  6 ball pythons
  5 bats
  3 kobolds
  6 rats
256 creatures vanquished.

Vanquished Creatures (others)
  A wizard (D:9)
  A plant (D:10)
2 creatures vanquished.

Grand Total: 258 creatures vanquished

Notes
Turn   | Place    | Note
-------+----------+-------------------------------------------
     0 | D:1      | qw the Gargoyle Fighter began the quest for the Orb.
     0 | D:1      | Reached XP level 1. HP: 14/14 MP: 1/1
     0 | D:1      | 0 ||| qw: Version: 0.2-a-12-gaebbb33
     0 | D:1      | 0 ||| qw: Game counter: 1440
     0 | D:1      | 0 ||| qw: Always use a shield: true
     0 | D:1      | 0 ||| qw: God list: Okawaru
     0 | D:1      | 0 ||| qw: Allow faded altars: false
     0 | D:1      | 0 ||| qw: Do Orc after D:15 true
     0 | D:1      | 0 ||| qw: Do second Lair branch before Depths: true
     0 | D:1      | 0 ||| qw: Lair rune preference: random
     0 | D:1      | 0 ||| qw: Plans: Normal, Zot:1-4, God:TSO, Crypt, Tomb,
                  | Pan, Slime:5, Hells, Abyss, Orb
     0 | D:1      | 0 ||| PLANNING D:1-11
   115 | D:1      | 115 ||| Stepping ~*~*~tactically~*~*~ (stealth).
   117 | D:1      | Reached skill level 2 in Axes
   338 | D:1      | 338 ||| Stepping ~*~*~tactically~*~*~ (stealth).
   547 | D:1      | 547 ||| DROPPING amulet of magic regeneration.
   548 | D:1      | 548 ||| READING 2 scrolls labelled DUROUNYEMI.
   717 | D:1      | 717 ||| READING scroll labelled MEUBLI QIONT.
   718 | D:1      | 718 ||| READING scroll labelled OSOBAXE IMOFO.
   719 | D:1      | 719 ||| READING 2 scrolls of teleportation.
   818 | D:1      | Reached XP level 2. HP: 17/19 MP: 2/2
   966 | D:1      | 966 ||| Stepping ~*~*~tactically~*~*~ (stealth).
  1037 | D:1      | 1037 ||| Stepping ~*~*~tactically~*~*~ (stealth).
  1039 | D:1      | 1039 ||| READING scroll labelled ETSECH TORIUKU.
  1040 | D:1      | 1040 ||| READING scroll of teleportation.
  1136 | D:1      | 1136 ||| Stepping ~*~*~tactically~*~*~ (stealth).
  1258 | D:1      | 1258 ||| Stepping ~*~*~tactically~*~*~ (stealth).
  1381 | D:2      | Found an ancient bone altar of Kikubaaqudgha.
  1390 | D:2      | Reached skill level 3 in Axes
  1397 | D:2      | Reached XP level 3. HP: 13/23 MP: 3/3
  1537 | D:2      | Identified the +1 ring mail of the Final Seers {rCorr
                  | Str+5}
  1815 | D:2      | 1815 ||| Stepping ~*~*~tactically~*~*~ (stealth).
  1818 | D:2      | 1818 ||| Stepping ~*~*~tactically~*~*~ (stealth).
  1845 | D:2      | 1845 ||| Stepping ~*~*~tactically~*~*~ (stealth).
  1875 | D:2      | Found a faded altar of an unknown god.
  1896 | D:2      | Identified the +2 pair of gloves "Xami" {+Blink rElec
                  | Str-4}
  1976 | D:2      | 1976 ||| UPGRADING to +1 ring mail of the Final Seers
                  | {rCorr Str+5}.
  1986 | D:2      | 1986 ||| DROPPING +0 scale mail.
  1987 | D:2      | 1987 ||| UPGRADING to scarf of resistance.
  1992 | D:2      | 1992 ||| UPGRADING to +0 plate armour.
  2002 | D:2      | 2002 ||| UPGRADING to +0 helmet.
  2007 | D:2      | 2007 ||| UPGRADING to +2 pair of gloves "Xami" {+Blink
                  | rElec Str-4}.
  2012 | D:2      | 2012 ||| READING scroll labelled VAANID NUNA.
  2065 | D:2      | 2065 ||| READING scroll labelled POWKES XE LOFO.
  2066 | D:2      | 2066 ||| READING scroll labelled RITAASKUAG.
  2067 | D:2      | 2067 ||| DROPPING +0 mace.
  2068 | D:2      | 2068 ||| DRINKING 3 sapphire potions.
  2069 | D:2      | 2069 ||| READING 2 scrolls of identify.
  2069 | D:2      | 2069 ||| IDENTIFYING fizzy golden potion
  2369 | D:3      | 2369 ||| Stepping ~*~*~tactically~*~*~ (stealth).
  2370 | D:3      | 2370 ||| Stepping ~*~*~tactically~*~*~ (stealth).
  2372 | D:3      | 2372 ||| Stepping ~*~*~tactically~*~*~ (stealth).
  2419 | D:3      | 2419 ||| Stepping ~*~*~tactically~*~*~ (stealth).
  2424 | D:3      | 2424 ||| Stepping ~*~*~tactically~*~*~ (stealth).
  2453 | D:3      | Reached XP level 4. HP: 28/28 MP: 4/4
  2471 | D:3      | 2471 ||| Stepping ~*~*~tactically~*~*~ (stealth).
  2476 | D:3      | 2476 ||| DRINKING 2 potions of curing.
  2476 | D:3      | 2476 ||| (to cure confusion)
  2488 | D:3      | Reached skill level 4 in Axes
  2625 | D:3      | Found a sparkling altar of Nemelex Xobeh.
  2804 | D:3      | 2804 ||| Stepping ~*~*~tactically~*~*~ (stealth).
  2807 | D:3      | 2807 ||| Stepping ~*~*~tactically~*~*~ (hiding).
  2808 | D:3      | 2808 ||| Stepping ~*~*~tactically~*~*~ (hiding).
  2817 | D:3      | Reached XP level 5. HP: 10/32 MP: 5/5
  2824 | D:3      | 2824 ||| FLEEEEING.
  2825 | D:3      | 2825 ||| FLEEEEING.
  2826 | D:3      | 2826 ||| FLEEEEING.
  2827 | D:3      | 2827 ||| FLEEEEING.
  2828 | D:3      | 2828 ||| FLEEEEING.
  2831 | D:3      | 2831 ||| FLEEEEING.
  2833 | D:3      | 2833 ||| FLEEEEING.
  2834 | D:3      | 2834 ||| FLEEEEING.
  2836 | D:3      | 2836 ||| FLEEEEING.
  2837 | D:3      | 2837 ||| FLEEEEING.
  2838 | D:3      | 2838 ||| FLEEEEING.
  2838 | D:3      | HP: 8/32 [something/magic dart (4)]
  2845 | D:3      | 2845 ||| FLEEEEING.
  2846 | D:3      | 2846 ||| FLEEEEING.
  2847 | D:3      | 2847 ||| FLEEEEING.
  2848 | D:3      | 2848 ||| FLEEEEING.
  2849 | D:3      | 2849 ||| FLEEEEING.
  2849 | D:3      | HP: 1/32 [something/magic dart (8)]
  2850 | D:3      | 2850 ||| FLEEEEING.
  2854 | D:3      | 2854 ||| STAIRDANCE
  3152 | D:2      | 3152 ||| UPGRADING to amulet of regeneration.
  3157 | D:2      | 3157 ||| READING scroll labelled VUMINA JECI.
  3158 | D:2      | 3158 ||| READING scroll labelled DYTESUNEGE.
  3159 | D:2      | 3159 ||| DRINKING 2 gluggy blue potions.
  3159 | D:2      | Gained mutation: You are clumsy. (Dex -2) [potion of
                  | mutation]
  3160 | D:2      | 3160 ||| READING 3 scrolls of identify.
  3160 | D:2      | 3160 ||| IDENTIFYING glowing pink potion
  3161 | D:2      | 3161 ||| READING 2 scrolls of identify.
  3161 | D:2      | 3161 ||| IDENTIFYING lumpy black potion
  3162 | D:2      | 3162 ||| DROPPING potion of magic.
  3163 | D:2      | 3163 ||| DROPPING potion of degeneration.
  3174 | D:3      | Reached skill level 5 in Axes
  3321 | D:3      | 3321 ||| Stepping ~*~*~tactically~*~*~ (stealth).
  3429 | D:3      | 3429 ||| Stepping ~*~*~tactically~*~*~ (stealth).
  3433 | D:3      | Found a runed translucent door.
  3436 | D:3      | 3436 ||| Stepping ~*~*~tactically~*~*~ (stealth).
  3436 | D:3      | Noticed Crazy Yiuf
  3447 | D:3      | 3447 ||| Stepping ~*~*~tactically~*~*~ (hiding).
  3448 | D:3      | 3448 ||| Stepping ~*~*~tactically~*~*~ (hiding).
  3453 | D:3      | Reached XP level 6. HP: 38/38 MP: 6/6
  3727 | D:3      | 3727 ||| READING scroll labelled AMYS ICODACSUM.
  3789 | D:4      | 3789 ||| PLANNING SEWER
  3931 | D:4      | Found a glowing drain.
  3933 | D:4      | 3933 ||| READING 4 scrolls of teleportation.
  3999 | D:4      | Noticed Menkaure
  4004 | D:4      | Killed Menkaure
  4005 | D:4      | Reached skill level 6 in Axes
  4015 | D:4      | Found Qemegastri's General Store.
  4064 | D:4      | 4064 ||| Stepping ~*~*~tactically~*~*~ (hiding).
  4067 | D:4      | 4067 ||| Stepping ~*~*~tactically~*~*~ (stealth).
  4074 | D:4      | Reached XP level 7. HP: 43/43 MP: 7/7
  4081 | D:4      | 4081 ||| Stepping ~*~*~tactically~*~*~ (stealth).
  4082 | D:4      | 4082 ||| Stepping ~*~*~tactically~*~*~ (stealth).
  4083 | D:4      | 4083 ||| Stepping ~*~*~tactically~*~*~ (stealth).
  4085 | D:4      | 4085 ||| Stepping ~*~*~tactically~*~*~ (stealth).
  4087 | D:4      | 4087 ||| Stepping ~*~*~tactically~*~*~ (stealth).
  4442 | D:4      | 4442 ||| RIP SEWER
  4443 | D:4      | 4443 ||| PLANNING D:1-11
  4715 | D:4      | 4715 ||| Stepping ~*~*~tactically~*~*~ (water).
  4720 | D:4      | 4720 ||| READING 3 scrolls of teleportation.
  4794 | D:4      | 4794 ||| READING 2 scrolls of teleportation.
  4892 | D:4      | 4892 ||| Stepping ~*~*~tactically~*~*~ (stealth).
  4941 | D:5      | Entered Level 5 of the Dungeon
  4943 | D:5      | 4943 ||| STAIRDANCE
  4966 | D:5      | Noticed Prince Ribbit
  5034 | D:5      | Killed Prince Ribbit
  5035 | D:5      | Reached skill level 7 in Axes
  5097 | D:5      | Reached XP level 8. HP: 48/48 MP: 8/8
  5727 | D:5      | Reached skill level 8 in Axes
  5821 | D:5      | Reached skill level 6 in Fighting
  5828 | D:5      | Noticed Blork the orc
  5835 | D:5      | Killed Blork the orc
  5926 | D:5      | Noticed Pikel
  5927 | D:5      | 5927 ||| Stepping ~*~*~tactically~*~*~ (stealth).
  5939 | D:5      | Killed Pikel
  5940 | D:5      | Reached skill level 9 in Axes
  5940 | D:5      | Reached XP level 9. HP: 46/55 MP: 9/9
  6206 | D:5      | 6206 ||| READING scroll labelled YLEUDOVEPH.
  6207 | D:5      | 6207 ||| DRINKING 2 orange potions.
  6308 | D:5      | 6308 ||| DROPPING potion of ambrosia.
  6353 | D:6      | Found a staircase to the Ecumenical Temple.
  6354 | D:6      | 6354 ||| PLANNING TEMPLE
  6357 | D:6      | 6357 ||| Stepping ~*~*~tactically~*~*~ (hiding).
  6385 | Temple   | Entered the Ecumenical Temple
  6385 | Temple   | Found a transporter.
  6385 | Temple   | Found a transporter.
  6387 | Temple   | Found a transporter.
  6387 | Temple   | Found a transporter.
  6397 | Temple   | 6397 ||| PLANNING D:1-11
  6400 | Temple   | 6400 ||| PLANNING OKAWARU WORSHIP
  6403 | Temple   | Became a worshipper of Warmaster Okawaru
  6404 | Temple   | 6404 ||| PLANNING D:1-11
  6510 | D:6      | 6510 ||| READING scroll of enchant weapon.
  6510 | D:6      | 6510 ||| ENCHANTING +1 war axe of flaming.
  6732 | D:6      | Reached skill level 6 in Armour
  6766 | D:6      | 6766 ||| Stepping ~*~*~tactically~*~*~ (stealth).
  6768 | D:6      | 6768 ||| Stepping ~*~*~tactically~*~*~ (hiding).
  7185 | D:6      | Reached skill level 1 in Throwing
  7223 | D:6      | Found a basalt altar of Yredelemnul.
  7247 | D:6      | 7247 ||| Stepping ~*~*~tactically~*~*~ (stealth).
  7253 | D:6      | 7253 ||| Stepping ~*~*~tactically~*~*~ (hiding).
  7260 | D:6      | Reached skill level 1 in Dodging
  7418 | D:6      | 7418 ||| DROPPING +0 cloak.
  7419 | D:6      | 7419 ||| UPGRADING to +0 kite shield.
  7429 | D:6      | 7429 ||| DROPPING +0 buckler.
  7455 | D:7      | 7455 ||| Stepping ~*~*~tactically~*~*~ (hiding).
  7466 | D:7      | 7466 ||| Stepping ~*~*~tactically~*~*~ (hiding).
  7472 | D:7      | 7472 ||| STAIRDANCE
  7480 | D:7      | 7480 ||| Stepping ~*~*~tactically~*~*~ (hiding).
  7533 | D:7      | Reached * piety under Okawaru
  7557 | D:7      | Reached skill level 1 in Invocations
  7590 | D:7      | 7590 ||| INVOKING Heroism.
  7628 | D:7      | Found a sacrificial altar of Ru.
  7630 | D:7      | 7630 ||| Stepping ~*~*~tactically~*~*~ (stealth).
  7754 | D:7      | 7754 ||| INVOKING Heroism.
  7764 | D:7      | Reached skill level 3 in Invocations
  7817 | D:7      | 7817 ||| Stepping ~*~*~tactically~*~*~ (water).
  7901 | D:7      | Reached XP level 10. HP: 55/60 MP: 12/12
  7991 | D:7      | Reached skill level 6 in Shields
  8255 | D:7      | 8255 ||| DROPPING ring of magical power.
  8256 | D:7      | 8256 ||| READING scroll labelled KAMMEC JOBOCH.
  8257 | D:7      | 8257 ||| DRINKING 2 fuming sapphire potions.
  8258 | D:7      | 8258 ||| READING 2 scrolls of identify.
  8258 | D:7      | 8258 ||| IDENTIFYING dark potion
  8259 | D:7      | 8259 ||| DROPPING potion of invisibility.
  8270 | D:8      | 8270 ||| INVOKING Heroism.
  8271 | D:8      | 8271 ||| STAIRDANCE
  8278 | D:7      | Reached ** piety under Okawaru
  8288 | D:8      | 8288 ||| STAIRDANCE
  8294 | D:8      | 8294 ||| STAIRDANCE
  8306 | D:8      | 8306 ||| STAIRDANCE
  8317 | D:7      | 8317 ||| INVOKING Heroism.
  8343 | D:8      | 8343 ||| STAIRDANCE
  8366 | D:8      | Found Humohoz's Book Shop.
  8421 | D:8      | 8421 ||| READING scroll of enchant weapon.
  8421 | D:8      | 8421 ||| ENCHANTING +2 war axe of flaming.
  8424 | D:8      | Found Toteunee's Armour Shop.
  8429 | D:8      | 8429 ||| SHOPLISTING +0 fire dragon scales (720 gold, have
                  | 417).
  8429 | D:8      | 8429 ||| BUYING +1 scale mail "Gumill" {rF++ Will- SInv}
                  | (402 gold).
  8429 | D:8      | Bought the +1 scale mail "Gumill" {rF++ Will- SInv} for 402
                  | gold pieces
  8461 | D:8      | Found Cuadeid's Jewellery Shoppe.
  8468 | D:8      | 8468 ||| SHOPLISTING +4 ring of evasion (432 gold, have
                  | 15).
  8468 | D:8      | 8468 ||| SHOPLISTING ring of positive energy (240 gold,
                  | have 15).
  8468 | D:8      | 8468 ||| SHOPLISTING ring of protection from cold (300
                  | gold, have 15).
  8468 | D:8      | 8468 ||| SHOPLISTING ring of resist corrosion (240 gold,
                  | have 15).
  8506 | D:8      | 8506 ||| INVOKING Heroism.
  8548 | D:8      | 8548 ||| INVOKING Heroism.
  8744 | D:8      | Noticed a deep elf pyromancer
  8750 | D:8      | 8750 ||| Stepping ~*~*~tactically~*~*~ (stealth).
  8751 | D:8      | 8751 ||| Stepping ~*~*~tactically~*~*~ (stealth).
  8774 | D:8      | 8774 ||| READING scroll labelled OGUETH KAEGRUS.
  8775 | D:8      | 8775 ||| READING 2 scrolls of identify.
  8775 | D:8      | 8775 ||| IDENTIFYING fuming green potion
  8776 | D:8      | 8776 ||| DROPPING potion of berserk rage.
  8777 | D:8      | 8777 ||| READING 3 scrolls of teleportation.
  8866 | D:8      | 8866 ||| Stepping ~*~*~tactically~*~*~ (stealth).
  8870 | D:8      | 8870 ||| Stepping ~*~*~tactically~*~*~ (stealth).
  8874 | D:8      | 8874 ||| Stepping ~*~*~tactically~*~*~ (stealth).
  8976 | D:8      | Noticed a cyclops
  8976 | D:8      | Noticed a centaur warrior
  8977 | D:8      | 8977 ||| Stepping ~*~*~tactically~*~*~ (hiding).
  8991 | D:8      | Killed a centaur warrior
  8991 | D:8      | Reached *** piety under Okawaru
  8992 | D:8      | Reached skill level 9 in Shields
  8992 | D:8      | 8992 ||| INVOKING Heroism.
  8998 | D:8      | Killed a cyclops
  8998 | D:8      | Noticed a centaur warrior
  9008 | D:8      | Killed a centaur warrior
  9008 | D:8      | Received a gift from Okawaru
  9009 | D:8      | Reached skill level 10 in Axes
  9011 | D:8      | Noticed a centaur warrior
  9014 | D:8      | 9014 ||| INVOKING Heroism.
  9019 | D:8      | HP: 11/63 [centaur warrior/+1 vorpal war axe (7)]
  9020 | D:8      | 9020 ||| READING 2 scrolls of teleportation.
  9057 | D:8      | 9057 ||| Stepping ~*~*~tactically~*~*~ (stealth).
  9067 | D:8      | 9067 ||| INVOKING Heroism.
  9072 | D:8      | Killed a centaur warrior
  9073 | D:8      | Reached XP level 11. HP: 25/67 MP: 11/14
  9080 | D:8      | 9080 ||| FLEEEEING.
  9093 | D:8      | 9093 ||| FLEEEEING.
  9239 | D:8      | Found Qukou's Weapon Boutique.
  9293 | D:8      | 9293 ||| Stepping ~*~*~tactically~*~*~ (stealth).
  9296 | D:8      | 9296 ||| INVOKING Heroism.
  9301 | D:8      | Noticed a two-headed ogre
  9302 | D:8      | 9302 ||| Stepping ~*~*~tactically~*~*~ (stealth).
  9311 | D:8      | 9311 ||| Stepping ~*~*~tactically~*~*~ (hiding).
  9312 | D:8      | 9312 ||| Stepping ~*~*~tactically~*~*~ (hiding).
  9323 | D:8      | 9323 ||| Stepping ~*~*~tactically~*~*~ (stealth).
  9330 | D:8      | 9330 ||| INVOKING Heroism.
  9337 | D:8      | Killed a two-headed ogre
  9337 | D:8      | Reached **** piety under Okawaru
  9393 | D:8      | Found the +5 demon whip "Spellbinder" {antimagic, Will+}
  9522 | D:8      | 9522 ||| READING scroll labelled XEYSOL ETROE.
  9523 | D:8      | 9523 ||| READING scroll labelled ZEFOKY ACODOXTI.
  9571 | D:9      | 9571 ||| INVOKING Heroism.
  9585 | D:9      | Reached skill level 3 in Throwing
  9631 | D:9      | Found a bloodstained altar of Trog.
  9724 | D:9      | Noticed a wizard
  9725 | D:9      | Killed a wizard
  9826 | D:9      | 9826 ||| Stepping ~*~*~tactically~*~*~ (stealth).
  9858 | D:9      | Found a burning altar of Makhleb.
  9858 | D:9      | Found a stormy altar of Qazlal.
  9866 | D:9      | 9866 ||| Stepping ~*~*~tactically~*~*~ (hiding).
  9871 | D:9      | 9871 ||| INVOKING Heroism.
  9942 | D:9      | 9942 ||| INVOKING Heroism.
 10024 | D:9      | Found a radiant altar of Vehumet.
 10155 | D:9      | 10155 ||| FLEEEEING.
 10156 | D:9      | 10156 ||| FLEEEEING.
 10157 | D:9      | 10157 ||| FLEEEEING.
 10158 | D:9      | 10158 ||| STAIRDANCE
 10193 | D:8      | Killed a deep elf pyromancer
 10203 | D:8      | 10203 ||| DROPPING amulet of guardian spirit.
 10204 | D:8      | 10204 ||| DRINKING 2 green potions.
 10205 | D:8      | 10205 ||| READING 2 scrolls of identify.
 10205 | D:8      | 10205 ||| IDENTIFYING white potion
 10206 | D:8      | 10206 ||| DROPPING potion of flight.
 10212 | D:9      | 10212 ||| STAIRDANCE
 10224 | D:9      | 10224 ||| STAIRDANCE
 10239 | D:9      | 10239 ||| INVOKING Heroism.
 10240 | D:9      | 10240 ||| STAIRDANCE
 10257 | D:9      | 10257 ||| STAIRDANCE
 10271 | D:9      | 10271 ||| INVOKING Heroism.
 10293 | D:9      | 10293 ||| INVOKING Heroism.
 10345 | D:9      | Found a staircase to the Orcish Mines.
 10467 | D:10     | Entered Level 10 of the Dungeon
 10541 | D:10     | Reached skill level 6 in Invocations
 10541 | D:10     | Noticed a two-headed ogre
 10542 | D:10     | 10542 ||| INVOKING Heroism.
 10544 | D:10     | 10544 ||| Stepping ~*~*~tactically~*~*~ (stealth).
 10554 | D:10     | Killed a two-headed ogre
 10554 | D:10     | Reached ***** piety under Okawaru
 10555 | D:10     | Reached skill level 11 in Axes
 10604 | D:10     | 10604 ||| INVOKING Heroism.
 10605 | D:10     | Noticed a red ugly thing
 10608 | D:10     | Noticed a deep elf pyromancer
 10612 | D:10     | 10612 ||| Stepping ~*~*~tactically~*~*~ (hiding).
 10615 | D:10     | Noticed a manticore
 10616 | D:10     | 10616 ||| Stepping ~*~*~tactically~*~*~ (stealth).
 10626 | D:10     | Killed a deep elf pyromancer
 10639 | D:10     | Killed a red ugly thing
 10640 | D:10     | HP: 13/69 [barbs]
 10641 | D:10     | 10641 ||| READING 3 scrolls of teleportation.
 10642 | D:10     | Slain by a manticore

Levels and vault maps discovered:
D:1:      onia_arrival_pyramid, layout_loops_ring, serial_co_window_serial,
          co_window_paths_b, co_window_corner_a, co_window_cross_1,
          co_window_paths_a, co_window_corner_a, co_window_unsneaky_path_a,
          co_window_unsneaky_path_d, co_window_corner_ca, co_window_broadway_b,
          co_window_2corner, co_window_corner_ca, glass_columns_c,
          glass_columns_b, glass_columns_a
D:2:      layout_basic, hellmonk_ecumenical_altar_lost_god, basic_altar
D:3:      cheibrodos_pilgrimage, layout_loops_corners,
          nemelex_diamond_rough_becter, uniq_crazy_yiuf_cottage
D:4:      minmay_inner_zag, layout_basic, cheibrodos_sewer_entry_bend,
          serial_shops, nicolae_shop_advertising_works
          [nicolae_subvault_shop_adworks], nrook_loot_triangle,
          minmay_splitting_lines, due_unseen_surprise, uniq_menkaure
D:5:      layout_layer_cave, roderic_lattice_a, serial_park_tiny_pond,
          uniq_prince_ribbit1, uniq_blork_the_orc, uniq_pikel
D:6:      layout_loops_corners, mainiacjoe_overflow_boulevard,
          minmay_temple_entry_wispy, minmay_a_box_with_orc_wizards_in_it
D:7:      layout_basic, nicolae_ru_great_annihilating_truth,
          minmay_manual_mullet
D:8:      minmay_the_grid_triangle_9x9_rhombus_thin
          [minmay_the_grid_triangle_9x9_alien,
          minmay_the_grid_triangle_9x9_prize_schism,
          minmay_the_grid_triangle_9x9_windchime,
          minmay_the_grid_triangle_9x9_warning], layout_loops_ring,
          serial_shops, nicolae_square_shop, kennysheep_mini_moat, shop_coins,
          nicolae_shop_trees
D:9:      layout_loops_cross, trog_wizard,
          mainiacjoe_overflow_concentric_impassable,
          nicolae_overflow_two_pavilions, hiddenorc1_lemuel
D:10:     nzn_winding_woodlands_cross
          [nzn_winding_woodlands_5x15_pathside_ponds,
          nzn_winding_woodlands_5x15_cabin, nzn_winding_woodlands_5x15_pool,
          nzn_winding_woodlands_5x15_zeroes,
          nzn_winding_woodlands_15x15_thick_spiral], layout_irregular_city,
          minmay_strange_pillars
Temple:   hellmonk_temple_divided_pantheon

Skill      XL: |  1  2  3  4  5  6  7  8  9 10 11 |
---------------+----------------------------------+-----
Axes           | 2 3 4 5 6 7 9 10 11 | 11.0
Fighting       | 4 6 7 8 |  8.4
Armour         | 4 5 6 7 |  7.4
Shields        | 5 9 |  9.6
Throwing       | 2 3 |  3.0
Dodging        | 1 |  1.0
Invocations    | 3 4 7 |  7.0

Action                   |  1- 3 |  4- 6 |  7- 9 | 10-12 || total
-------------------------+-------+-------+-------+-------++-------
Melee: War axe           |    80 |    70 |   286 |   393 ||   829
Throw: Boomerang         |    38 |    27 |    13 |     1 ||    79
       Javelin           |       |       |    12 |    26 ||    38
Invok: Heroism           |       |       |     2 |    17 ||    19
  Use: Scroll            |    10 |     6 |     4 |    11 ||    31
       Potion            |     1 |     2 |     1 |     2 ||     6
Armor: Scale mail        |    22 |       |       |       ||    22
       Plate armour      |    24 |    57 |   222 |   252 ||   555
Dodge: Dodged            |    27 |    19 |    68 |    80 ||   194
Block: Buckler           |    11 |     9 |    36 |       ||    56
       Kite shield       |       |       |    32 |   191 ||   223

Table legend:
 A = Non-vault XP
 B = Vault XP
 C = Vault XP percentage of total XP
 D = Non-vault monster count
 E = Vault monster count
 F = Vault count percentage of total count
                 A         B        C        D         E       F
            +---------+---------+-------+---------+---------+-------
      Total |    7325 |    9979 |  57.7 |     181 |      73 |  28.7
            +---------+---------+-------+---------+---------+-------
        D:1 |      19 |       0 |   0.0 |      12 |       0 |   0.0
        D:2 |      40 |       0 |   0.0 |      11 |       0 |   0.0
        D:3 |     148 |     130 |  46.8 |      29 |       7 |  19.4
        D:4 |     219 |     358 |  62.0 |      10 |       9 |  47.4
        D:5 |     887 |    1035 |  53.9 |      13 |       3 |  18.8
        D:6 |     757 |     141 |  15.7 |      28 |       4 |  12.5
        D:7 |    1438 |     234 |  14.0 |      29 |       8 |  21.6
        D:8 |    1045 |    5767 |  84.7 |      19 |      24 |  55.8
        D:9 |    2054 |     232 |  10.1 |      23 |      11 |  32.4
       D:10 |     718 |    2082 |  74.4 |       7 |       7 |  50.0
            +---------+---------+-------+---------+---------+-------
